[Event "*** MasterClass Titled Tuesday Blitz"]
[Site "Chess.com"]
[Date "2017.12.05"]
[Round "1"]
[White "sting_vs"]
[Black "Jumbo"]
[Result "0-1"]
[WhiteElo "1434"]
[BlackElo "2443"]
[TimeControl "180+2"]
[EndTime "14:19:54 PST"]
[Termination "Jumbo won by resignation"]

1. e4 c5 2. Nf3 d6 3. d4 cxd4 4.
Nxd4 Nf6 5. Nc3 a6 6. Be3 e5 7.
Nf3 Be7 8. a4 O-O 9. Bd3 Bg4 10.
h3 Be6 11. O-O Nbd7 12. Nd2 Qc7 13. f4 exf4 14. Bxf4 Ne5 15. Be2 Rac8 16. Nf3 Qb6+ 17. Kh1 Qxb2 18. Na2 Nxe4 19. Nxe5 dxe5 20. Be3 Rxc2 21.
Bf3 Ng3+ 22. Kh2 Nxf1+ 23. Qxf1 Bxa2 24. Be4 Re2 25. Re1 Rxe1 26. Qxe1 f5 27. Bd3 e4 28. Be2 f4 29. Bc1 Qe5 30. Bf3 Bd5 31. Bd2 Bd6 32. Bc3 Qe6 33. Bd1 f3+ 34. Kh1 f2 35.
Qxf2 0-1

[Event "*** MasterClass Titled Tuesday Blitz"]
[Site "Chess.com"]
[Date "2017.12.05"]
[Round "1"]
[White "TomasPabloFerreira"]
[Black "Sungho"]
[Result "0-1"]
[WhiteElo "924"]
[BlackElo "2343"]
[TimeControl "180+2"]
[EndTime "14:19:54 PST"]
[Termination "Sungho won by resignation"]

1. e4 c5 2. Nf3 d6 3. d4 cxd4 4. Nxd4 Nf6 5. Nc3 a6 6. Bc4 e6 7. O-O Be7 8. Be3 O-O 9. Re1 Qc7 10. Bb3 b5 11. a3 Nc6 12. Nce2 Na5 13. f3 Nxb3 14.
cxb3 Bb7 15. a4 b4 16. Rc1 Qd7 17. Ng3 Rac8 18. Rxc8 Rxc8 19. Qd2 d5 20. Rc1 dxe4 21. Rxc8+ Qxc8 22. Nxe4 Nxe4 23. fxe4 Bxe4 24. Ne2 Bd5 25. Ng3 Bxb3 26. Qf2 Qc2 27. Qxc2 Bxc2 28. a5 Bf6 29. Ne4 Bxe4 30. g3 Bxb2 31. h3 b3 32. Bd4 Bxd4+ 33.
Kf1 b2 0-1

[Event "*** MasterClass Titled Tuesday Blitz"]
[Site "Chess.com"]
[Date "2017.12.05"]
[Round "1"]
[White "sergiochess83"]
[Black "calemcc"]
[Result "1-0"]
[WhiteElo "2757"]
[BlackElo "2297"]
[TimeControl "180+2"]
[EndTime "14:20:06 PST"]
[Termination "sergiochess83 won by resignation"]

1. e4 e6 2. d4 d5 3. Nd2 Nc6 4. Ngf3 Nf6 5. e5 Nd7 6. Be2 f6 7. exf6 Nxf6 8. O-O Bd6 9. c4 O-O 10. a3 b6 11. b4 Bb7 12. c5 bxc5 13. bxc5 Be7 14.
Rb1 Rb8 15. Re1 Qe8 16. Bb5 Qh5 17. h3 Nd8 18. Be2 Nc6 19. Ne5 Qf5 20. Rxb7 Rxb7 21.
Nxc6 Bd8 22. Ba6 Ne4 23. Nxe4 dxe4 24. Bxb7 Qxf2+ 25. Kh1 Bh4 26. Rg1 Bg3 27. Ne5 Rf6 28.
Ng4 1-0

[Event "*** MasterClass Titled Tuesday Blitz"]
[Site "Chess.com"]
[Date "2017.12.05"]
[Round "1"]
[White "icychess54"]
[Black "maciek_92"]
[Result "0-1"]
[WhiteElo "2145"]
[BlackElo "2578"]
[TimeControl "180+2"]
[EndTime "14:20:16 PST"]
[Termination "maciek_92 won by resignation"]

1. c4 e5 2. Nc3 Nc6 3. Nf3 Nf6 4. e3 Bb4 5. Qc2 O-O 6. Be2 d6 7. O-O Re8 8. d3 Ne7 9. a3 Ba5 10. b4 Bb6 11. Bb2 Ng6 12. Rad1 c6 13. Qb3 Bc7 14.
d4 e4 15. Nd2 d5 16. b5 Bg4 17. bxc6 bxc6 18. Qa4 Bxe2 19. Nxe2 Bxh2+ 20. Kxh2 Ng4+ 21. Kg1 Qh4 22. Rfe1 Qxf2+ 23. Kh1 Qh4+ 24. Kg1 Qh2+ 25. Kf1 Nxe3+ 26. Kf2 Ng4+ 27. Kf1 Nh4 0-1

[Event "*** MasterClass Titled Tuesday Blitz"]
[Site "Chess.com"]
[Date "2017.12.05"]
[Round "1"]
[White "dario91"]
[Black "pastouche06"]
[Result "0-1"]
[WhiteElo "802"]
[BlackElo "2340"]
[TimeControl "180+2"]
[EndTime "14:20:16 PST"]
[Termination "pastouche06 won by checkmate"]

1. e4 c6 2. e5 d5 3. d4 c5 4. dxc5 e6 5. Be3 Nh6 6. Bd4 Nf5 7. Bd3 Nxd4 8. Bxh7 Rxh7 9. Qxd4 Nc6 10. Qa4 Bxc5 11. Nf3 Bd7 12. Qb3 Qb6 13. Qxb6 Bxb6 14. O-O Nd4 15.
Nxd4 Bxd4 16. c3 Bxe5 17. Na3 Bxh2+ 18. Kh1 O-O-O 19. g3 Bxg3+ 20. Kg2 Bd6 21. Rh1 Rdh8 22. Rxh7 Rxh7 23. Nc2 e5 24. Rd1 Bc6 25. Ne3 d4+ 26.
Kf1 Rh1+ 27. Ke2 dxe3 28. Rxh1 Bxh1 29. Kxe3 e4 30. f4 exf3 31. Kf2 Bc5+ 32. Kf1 Bg2+ 33. Ke1 Be3 34. a4 f2+ 35. Ke2 Bb6 36. b4 f1=Q+ 37.
Kd2 Bf3 38. Kc2 Qe2+ 39. Kb3 Bd5+ 40. c4 Qxc4+ 41. Kb2 Bd4+ 42. Kb1 Be4# 0-1

[Event "*** MasterClass Titled Tuesday Blitz"]
[Site "Chess.com"]
[Date "2017.12.05"]
[Round "1"]
[White "visa"]
[Black "bascheyaro"]
[Result "0-1"]
[WhiteElo "2196"]
[BlackElo "2602"]
[TimeControl "180+2"]
[EndTime "14:20:22 PST"]
[Termination "bascheyaro won by resignation"]

1. e4 e6 2. d3 d5 3. Nd2 c5 4. Ngf3 Nc6 5. g3 Nf6 6. Bg2 Be7 7. O-O O-O 8. Re1 Qc7 9. Nf1 dxe4 10. dxe4 Rd8 11. Qe2 e5 12. Bg5 Nd4 13. Nxd4 cxd4 14.
Bxf6 Bxf6 15. c3 dxc3 16. Qc2 Be6 17. Qxc3 Qxc3 18. bxc3 Rac8 19. Rec1 Rd3 20. c4 Rxc4 21. Rxc4 Bxc4 22. Ne3 Be6 23. Rb1 b6 24. Nd5 Ra3 25. Rb2 h5 26. h4 Ra5 27. Bf3 Bxd5 28. exd5 e4 0-1

[Event "*** MasterClass Titled Tuesday Blitz"]
[Site "Chess.com"]
[Date "2017.12.05"]
[Round "1"]
[White "fardinkhan46"]
[Black "vpantev"]
[Result "0-1"]
[WhiteElo "1460"]
[BlackElo "2450"]
[TimeControl "180+2"]
[EndTime "14:20:22 PST"]
[Termination "vpantev won by checkmate"]

1. e4 c6 2. Nc3 d5 3. exd5 cxd5 4.
d4 Nc6 5. Nf3 Nf6 6. Be3 Bg4 7.
Bd3 e6 8. h3 Bh5 9. g4 Bg6 10.
Qd2 Bd6 11. O-O-O Qa5 12. Bxg6 hxg6 13. b3 Bb4 14. Kb2 Ne4 15. Qd3 Qa3+ 16. Kb1 Nxc3+ 17. Qxc3 Bxc3 18. Bc1 Qa5 19. Nd2 Bxd4 20. Nf3 Bf6 21.
Bd2 Qa3 22. Bc1 Qc5 23. Bb2 Bxb2 24. Kxb2 O-O-O 25. Rhe1 d4 26. a3 Qc3+ 27. Kc1 Qxf3 28. Rd3 Qxd3 29. Rd1 Qxd1+ 30. Kxd1 Rxh3 31. Ke2 d3+ 32. cxd3 Rhxd3 33. b4 e5 34. a4 e4 35. b5 Nd4+ 36. Kf1 Nf3 37. Kg2 Rd1 38. Kg3 g5 39. Kg2 Rg1+ 40. Kh3 Rh8# 0-1

[Event "*** MasterClass Titled Tuesday Blitz"]
[Site "Chess.com"]
[Date "2017.12.05"]
[Round "1"]
[White "HeatGirl"]
[Black "PulpanJ"]
[Result "0-1"]
[WhiteElo "1334"]
[BlackElo "2419"]
[TimeControl "180+2"]
[EndTime "14:20:27 PST"]
[Termination "PulpanJ won by resignation"]

1. Nf3 Nf6 2. g3 d5 3. Bg2 c6 4. d3 Bf5 5. Nbd2 e6 6. c3 h6 7. Qc2 Bh7 8. a4 Nbd7 9. O-O Be7 10. Re1 O-O 11. e4 dxe4 12. dxe4 a5 13. Nc4 Nc5 14. Nfd2 b5 15. Ne3 Nxa4 16. Rxa4 bxa4 17. Qxa4 Qd7 18. Ndc4 c5 19. Qxd7 Nxd7 20. Rd1 Rfd8 21. f4 Nf6 22.
e5 Rxd1+ 23. Nxd1 Nd5 24. Be3 Nxe3 25. Ndxe3 Rb8 26. Kf2 g5 27. Bf1 h5 28. Be2 h4 29.
Ke1 hxg3 30. hxg3 gxf4 31. gxf4 Bh4+ 32. Kd2 Bg3 33. Ng2 Be4 0-1

[Event "*** MasterClass Titled Tuesday Blitz"]
[Site "Chess.com"]
[Date "2017.12.05"]
[Round "1"]
[White "sorito"]
[Black "hhbcd_grob_bes"]
[Result "1-0"]
[WhiteElo "2382"]
[BlackElo "1195"]
[TimeControl "180+2"]
[EndTime "14:20:29 PST"]
[Termination "sorito won by checkmate"]

1. d4 g6 2. Nf3 Bg7 3. Bf4 d6 4. e3 Nd7 5. h3 b6 6. c4 Bb7 7. Nc3 e6 8. Be2 Ne7 9. Bh2 c5 10. Rc1 Rc8 11. Bxd6 Nf5 12. Bf4 cxd4 13. exd4 Bxf3 14.
Bxf3 Bxd4 15. g4 Bxc3+ 16. Rxc3 Ne7 17. Bb7 Rc5 18. b4 b5 19. bxc5 Qa5 20. Bd2 Nxc5 21. Qf3 Qxa2 22. Bc6+ Kf8 23. Bh6+ Kg8 24. Qf6 Qb1+ 25.
Ke2 Qb2+ 26. Kf3 Qxc3+ 27. Qxc3 Nf5 28. gxf5 e5 29. Qxe5 f6 30. Qe8# 1-0

[Event "*** MasterClass Titled Tuesday Blitz"]
[Site "Chess.com"]
[Date "2017.12.05"]
[Round "1"]
[White "R2D3"]
[Black "DrVelja"]
[Result "1/2-1/2"]
[WhiteElo "1704"]
[BlackElo "2470"]
[TimeControl "180+2"]
[EndTime "14:20:32 PST"]
[Termination "Game drawn by repetition"]

1. e4 c5 2. Nf3 e6 3. Bc4 Nc6 4. d4 cxd4 5. Nxd4 Nf6 6. Nxc6 bxc6 7. Nc3 d5 8. exd5 cxd5 9. Bb3 Be7 10. O-O O-O 11.
Bg5 a5 12. a4 Ba6 13. Re1 h6 14. Bh4 Rc8 15. Bg3 Bb4 16. Be5 Ne4 17. Nxe4 Bxe1 18.
Nd6 Bb4 19. Nxc8 Qxc8 20. c3 Be7 21. Qg4 f6 22. Bf4 Kh8 23. Bc2 e5 24. Qg6 f5 25.
Bxh6 gxh6 26. Qxh6+ Kg8 27. Qg6+ Kh8 28. Qh6+ Kg8 29.
Qg6+ Kh8 30. Qh6+ Kg8 31. Qg6+ Kh8 32. Qh6+ Kg8 1/2-1/2

[Event "*** MasterClass Titled Tuesday Blitz"]
[Site "Chess.com"]
[Date "2017.12.05"]
[Round "1"]
[White "MultiWebCreation"]
[Black "walkingcreep"]
[Result "0-1"]
[WhiteElo "1344"]
[BlackElo "2424"]
[TimeControl "180+2"]
[EndTime "14:20:32 PST"]
[Termination "walkingcreep won by resignation"]

1. e4 c5 2. Nf3 e6 3. a4 Nc6 4.
c3 d5 5. exd5 Qxd5 6. Be2 Nf6 7.
h3 Be7 8. O-O O-O 9. Re1 c4 10.
Na3 Na5 11. Nd4 e5 12. Ndc2 Bxa3 13. bxa3 Bf5 14. Nb4 Qd7 15. d3 Rfd8 16. Bg5 cxd3 17. Bxf6 gxf6 18. Bf1 Nc4 19. g4 Bg6 20. Qb3 Rac8 21. Red1 e4 22. Rd2 Nxd2 0-1

[Event "*** MasterClass Titled Tuesday Blitz"]
[Site "Chess.com"]
[Date "2017.12.05"]
[Round "1"]
[White "goingin33"]
[Black "OparinGrigoriy"]
[Result "0-1"]
[WhiteElo "2269"]
[BlackElo "2715"]
[TimeControl "180+2"]
[EndTime "14:20:35 PST"]
[Termination "OparinGrigoriy won by checkmate"]

1. e4 c5 2. Nf3 Nc6 3. d4 cxd4 4. Nxd4 Nf6 5. Nc3 e5 6. Ndb5 d6 7. Bg5 a6 8. Na3 b5 9. Nd5 Be7 10. Bxf6 Bxf6 11. c4 b4 12. Nc2 a5 13. g3 O-O 14. h4 a4 15. b3 Be6 16. Bh3 Bxd5 17. cxd5 Nd4 18. Nxd4 exd4 19. O-O axb3 20. axb3 Ra3 21.
Rb1 Re8 22. Qd3 Qe7 23. Rfe1 Ra2 24. Rbc1 g6 25. Rc2 Rea8 26. Kg2 h5 27. Ree2 Rxc2 28. Rxc2 Kg7 29. f4 Ra1 30. Re2 Rc1 31. e5 dxe5 32.
fxe5 Bxe5 33. Qxd4 f6 34. Qb6 Rc3 35. Qe6 Rxg3+ 36.
Kf2 Qc5+ 37. Ke1 Qc1+ 38. Kf2 Qg1# 0-1

[Event "*** MasterClass Titled Tuesday Blitz"]
[Site "Chess.com"]
[Date "2017.12.05"]
[Round "1"]
[White "mikhaillushenkov"]
[Black "BergenChessAcademy"]
[Result "1-0"]
[WhiteElo "2582"]
[BlackElo "2149"]
[TimeControl "180+2"]
[EndTime "14:20:44 PST"]
[Termination "mikhaillushenkov won by resignation"]

1. Nf3 Nf6 2. c4 g6 3. Nc3 c5 4.
d4 cxd4 5. Nxd4 Nc6 6. e4 d6 7.
Be2 Bg7 8. Be3 O-O 9. O-O Bd7 10. Qd2 Re8 11. f3 a6 12. Rfd1 Rc8 13. Rac1 Qa5 14. b3 Rcd8 15. Kh1 h5 16. Bf1 Nh7 17.
Qf2 Nxd4 18. Bxd4 Bxd4 19. Qxd4 Nf8 20. Nd5 Ne6 21. Qb2 Nc7 22. b4 Nxd5 23. bxa5 1-0

[Event "*** MasterClass Titled Tuesday Blitz"]
[Site "Chess.com"]
[Date "2017.12.05"]
[Round "1"]
[White "Deepakkumarrrr"]
[Black "StellarChessPro"]
[Result "0-1"]
[WhiteElo "749"]
[BlackElo "2312"]
[TimeControl "180+2"]
[EndTime "14:20:48 PST"]
[Termination "StellarChessPro won by checkmate"]

1. Nc3 e5 2. Nf3 Nc6 3. e4 Bc5 4. d3 h6 5. Be3 Bb6 6. Be2 Nf6 7. O-O O-O 8. a3 d5 9. b4 d4 10.
Nd5 Nxd5 11. exd5 Qxd5 12. c4 Qe6 13. b5 dxe3 14. bxc6 exf2+ 15. Rxf2 Bxf2+ 16. Kxf2 e4 17. Nd4 Qf6+ 18. Kg1 Qxd4+ 19. Kh1 e3 20. Qf1 bxc6 21.
Rd1 Be6 22. a4 Rab8 23. a5 Rb2 24. Re1 f5 25. g3 f4 26. Qg2 f3 27. Qxf3 Rxf3 28.
Bxf3 Rf2 29. Re2 Rxe2 30. Bxe2 Bh3 31. Kg1 Qa1+ 32. Bf1 Qxf1# 0-1

[Event "*** MasterClass Titled Tuesday Blitz"]
[Site "Chess.com"]
[Date "2017.12.05"]
[Round "1"]
[White "Lesha77"]
[Black "chessking2151"]
[Result "0-1"]
[WhiteElo "980"]
[BlackElo "2352"]
[TimeControl "180+2"]
[EndTime "14:20:50 PST"]
[Termination "chessking2151 won by checkmate"]

1. d4 Nf6 2. Nc3 d5 3. Bf4 c6 4.
Nf3 g6 5. e3 Bg7 6. h3 O-O 7. a3 Re8 8. Be2 Nbd7 9. O-O Nh5 10. Qd3 Nxf4 11. exf4 Nf6 12. Rad1 Bf5 13. Qd2 Qb6 14. Qe3 Qxb2 15. Na4 Qxc2 16. Qd2 Qxa4 17. Qb2 Rab8 18. Rc1 Ne4 19. Bd3 Qa5 20. Bxe4 Bxe4 21. Rfe1 Bxf3 22. gxf3 Qc7 23. Rc2 Qxf4 24.
Ree2 Bxd4 25. Qc1 Qg3+ 26. Kf1 Qxh3+ 27. Ke1 Qxf3 28. Kd2 Qf4+ 29. Kd1 Qxc1+ 30. Rxc1 Bf6 31. Rcc2 h5 32. Rcd2 h4 33. Re1 Kg7 34. Rh1 e5 35.
Rxh4 e4 36. Rh1 Rh8 37. Rxh8 Rxh8 38. Re2 Rh1+ 39. Kd2 Bg5+ 40. Kc2 Rc1+ 41. Kb2 Rd1 42. Rc2 Rd2 43. Rxd2 Bxd2 44. Kc2 Bh6 45. f3 f5 46.
fxe4 fxe4 47. a4 Kf6 48. a5 Ke5 49. Kc3 b6 50. axb6 axb6 51. Kb4 c5+ 52. Kc3 g5 53. Kd2 g4+ 54. Kc3 Bg7 55. Kd2 Bf6 56. Ke2 d4 57.
Kf2 b5 58. Ke2 b4 59. Kd2 b3 60. Kc1 c4 61. Kb2 e3 62. Kc1 e2 63. Kd2 b2 64.
Kxe2 b1=Q 65. Kd2 Kf4 66. Ke2 Kg3 67. Kd2 Bg5+ 68. Ke2 d3# 0-1

[Event "*** MasterClass Titled Tuesday Blitz"]
[Site "Chess.com"]
[Date "2017.12.05"]
[Round "1"]
[White "beza2009"]
[Black "Goala"]
[Result "0-1"]
[WhiteElo "615"]
[BlackElo "2310"]
[TimeControl "180+2"]
[EndTime "14:20:55 PST"]
[Termination "Goala won by checkmate"]

1. Nf3 Nf6 2. Nc3 d5 3. d4 c5 4. dxc5 Nc6 5. e3 e5 6. e4 d4 7. Nd5 Nxe4 8. Bb5 Qxd5 9. O-O Bxc5 10. c4 Qd6 11. Qd3 f5 12. Ng5 O-O 13. Qh3 h6 14. Nxe4 fxe4 15. Qg3 Bf5 16. Bxh6 Qxh6 17. Ba4 Qf4 18. Qxf4 exf4 19. Rab1 e3 20. f3 Bxb1 21.
g4 Bd3 22. Rd1 e2 23. Re1 Bxc4 24. Bxc6 bxc6 25. b3 d3+ 26. Kg2 d2 27. Ra1 e1=Q 28. bxc4 Qf2+ 29. Kh3 Qxf3+ 30. Kh4 Be7+ 31. g5 Rf6 32. Rg1 Rh6# 0-1

[Event "*** MasterClass Titled Tuesday Blitz"]
[Site "Chess.com"]
[Date "2017.12.05"]
[Round "1"]
[White "GameOverBro"]
[Black "Alexander_Moskalenko"]
[Result "0-1"]
[WhiteElo "2290"]
[BlackElo "2741"]
[TimeControl "180+2"]
[EndTime "14:20:57 PST"]
[Termination "Alexander_Moskalenko won by resignation"]

1. e4 c5 2. Ne2 d6 3. g3 Nf6 4.
Bg2 g6 5. O-O Bg7 6. c3 O-O 7.
d4 Nbd7 8. b3 Rb8 9. Bb2 b5 10.
Nd2 Bb7 11. Rc1 a5 12. h3 Qb6 13. Kh2 b4 14. Nc4 Qa7 15. d5 Ba6 16. cxb4 Bxc4 17.
Rxc4 axb4 18. Qd2 Qxa2 19. Qc2 Nb6 20. Ra1 Qxb2 21. Qxb2 Ng4+ 22. hxg4 Bxb2 23. Rb1 Nxc4 24. bxc4 Bc3 25. f4 Ra8 26. g5 Ra2 27. Bf3 Rb2 28. Rc1 Ra8 29. Kh3 Ra3 30. Kg4 Kg7 31. Rd1 Rd2 32. Rc1 Ra1 0-1

[Event "*** MasterClass Titled Tuesday Blitz"]
[Site "Chess.com"]
[Date "2017.12.05"]
[Round "1"]
[White "timator"]
[Black "sparcky99"]
[Result "1-0"]
[WhiteElo "2363"]
[BlackElo "1112"]
[TimeControl "180+2"]
[EndTime "14:20:57 PST"]
[Termination "timator won by checkmate"]

1. Nf3 Nc6 2. g3 e6 3. Bg2 b6 4. O-O Bb7 5. b3 Nf6 6. Bb2 g6 7. e3 Bg7 8. d4 d5 9. Nbd2 O-O 10. c4 Nb4 11. Qe2 c6 12. a3 Na6 13. Ne5 Ne4 14. Nxe4 Bxe5 15. dxe5 b5 16. Nd6 Rb8 17.
cxb5 Nc5 18. Bd4 cxb5 19. Bxc5 Qc7 20. b4 d4 21. Bxb7 Rxb7 22. exd4 Rd8 23. f4 Rxd6 24. exd6 Qd7 25. f5 Kh8 26. Rae1 Kg8 27. Qe5 Rb8 28.
h4 Rd8 29. h5 Qxd6 30. Bxd6 Rxd6 31. Qxd6 Kg7 32. Qe5+ f6 33. Qxe6 gxf5 34. Qxf5 h6 35. Qg6+ Kf8 36. Re8# 1-0

[Event "*** MasterClass Titled Tuesday Blitz"]
[Site "Chess.com"]
[Date "2017.12.05"]
[Round "1"]
[White "FearNoEvil12"]
[Black "QuintilianoR"]
[Result "0-1"]
[WhiteElo "2044"]
[BlackElo "2514"]
[TimeControl "180+2"]
[EndTime "14:21:00 PST"]
[Termination "QuintilianoR won by resignation"]

1. e4 c5 2. Nc3 Nc6 3. f4 g6 4. Nf3 Bg7 5. Bc4 e6 6. f5 Nge7 7.
fxg6 Nxg6 8. d3 O-O 9. O-O f5 10. Bg5 Qc7 11. Nb5 Qb8 12. Be3 a6 13. Nc3 b5 14. Bb3 Nd4 15. Ng5 f4 16. Qh5 h6 17.
Qxg6 hxg5 18. Bxd4 cxd4 19. Ne2 Qe5 20. Rae1 Bb7 21.
c3 dxc3 22. bxc3 Rf6 23. Qh5 Rh6 24. Qf3 Kh8 25. h3 Rf8 26. Qg4 Rh4 27. Qf3 Rf6 28.
Nd4 Rfh6 29. Bc2 Qc5 30. Qf2 g4 31. Qd2 e5 0-1

[Event "*** MasterClass Titled Tuesday Blitz"]
[Site "Chess.com"]
[Date "2017.12.05"]
[Round "1"]
[White "fisher563"]
[Black "nikitakhoroshev"]
[Result "0-1"]
[WhiteElo "1385"]
[BlackElo "2432"]
[TimeControl "180+2"]
[EndTime "14:21:01 PST"]
[Termination "nikitakhoroshev won by resignation"]

1. e4 c5 2. Nc3 Nc6 3. f4 g6 4. Nf3 Bg7 5. Bc4 e6 6. d3 Nge7 7. O-O O-O 8. Qe1 d5 9. Bb3 Nd4 10. Qh4 Nxb3 11. axb3 f6 12. f5 exf5 13. Bh6 d4 14.
Ne2 g5 15. Nxg5 Ng6 16. Qh5 Bxh6 17. Qxh6 fxg5 18. exf5 Bxf5 19. Ng3 Nf4 20. Rxf4 gxf4 21. Nh5 Qe7 22. Rf1 Rf7 23. Rxf4 Qe3+ 24. Kf1 Raf8 25. Qg5+ Bg6 0-1

[Event "*** MasterClass Titled Tuesday Blitz"]
[Site "Chess.com"]
[Date "2017.12.05"]
[Round "1"]
[White "AndrewMcStone"]
[Black "JSPrepz"]
[Result "0-1"]
[WhiteElo "2111"]
[BlackElo "2551"]
[TimeControl "180+2"]
[EndTime "14:21:02 PST"]
[Termination "JSPrepz won by checkmate"]

1. d4 Nf6 2. c4 c5 3. d5 b5 4. cxb5 a6 5. f3 axb5 6. e4 Qa5+ 7. Bd2 b4 8. Na3 d6 9. Nc4 Qa7 10. a3 g6 11. Bd3 Bg7 12. Ne2 Nfd7 13. O-O Ba6 14.
axb4 cxb4+ 15. Be3 Nc5 16. Kh1 O-O 17. Nd4 Qc7 18. Rc1 Nxd3 19. Qxd3 Nd7 20. Nc6 Ne5 21. N6xe5 Bxe5 22. Nxe5 Bxd3 23. Rxc7 Bxf1 24. Ng4 Ra1 25. Kg1 h5 26. Nh6+ Kg7 27. g4 h4 28. g5 Bb5+ 29. Kf2 Rf1+ 30. Kg2 Rd1 31. f4 Rd3 32. Bf2 h3+ 33.
Kf1 Rd1# 0-1

[Event "*** MasterClass Titled Tuesday Blitz"]
[Site "Chess.com"]
[Date "2017.12.05"]
[Round "1"]
[White "Tash_Boy"]
[Black "simonov1986"]
[Result "1-0"]
[WhiteElo "2427"]
[BlackElo "1368"]
[TimeControl "180+2"]
[EndTime "14:21:11 PST"]
[Termination "Tash_Boy won by resignation"]

1. e4 e5 2. Nf3 Nc6 3. Bc4 Nf6 4. d3 Bc5 5. c3 a6 6. O-O O-O 7. Nbd2 d6 8. h3 Be6 9. Bb3 b5 10. Re1 Qd7 11. Nf1 h6 12. Bc2 Nh7 13. d4 exd4 14.
cxd4 Bb4 15. d5 Bxe1 16. Qxe1 Ne7 17. dxe6 Qxe6 18. Ng3 Rad8 19. Be3 d5 20. Bc5 Rfe8 21. Nd4 Qd7 22. e5 Nc6 23. Bf5 Re6 24. Bxe6 fxe6 25. Rc1 Nxd4 26. Bxd4 Ng5 27. b4 Nf7 28. a3 Rc8 29.
Qc3 g5 30. Qc6 Qe7 31. Qxa6 1-0

[Event "*** MasterClass Titled Tuesday Blitz"]
[Site "Chess.com"]
[Date "2017.12.05"]
[Round "1"]
[White "ImadAK"]
[Black "DiogenesSinopeus"]
[Result "0-1"]
[WhiteElo "1315"]
[BlackElo "2403"]
[TimeControl "180+2"]
[EndTime "14:21:12 PST"]
[Termination "DiogenesSinopeus won by resignation"]

1. d4 Nf6 2. c4 g6 3. Nc3 d5 4. cxd5 Nxd5 5. e4 Nxc3 6. bxc3 Bg7 7. Nf3 c5 8. Bb2 Qa5 9. Be2 cxd4 10. Nxd4 O-O 11. O-O b6 12. Bd3 Bb7 13. Re1 Nd7 14. Nf3 Nc5 15. Bc2 Rad8 16. Qe2 Bxc3 17. Bxc3 Qxc3 18. Rac1 Ba6 19. Qe3 Qxe3 20. Rxe3 Rc8 21.
Ra3 Rfd8 22. Bb3 Nxb3 23. axb3 Rxc1+ 0-1

[Event "*** MasterClass Titled Tuesday Blitz"]
[Site "Chess.com"]
[Date "2017.12.05"]
[Round "1"]
[White "vik9612"]
[Black "dyziotomi99"]
[Result "0-1"]
[WhiteElo "1500"]
[BlackElo "2453"]
[TimeControl "180+2"]
[EndTime "14:21:13 PST"]
[Termination "dyziotomi99 won by resignation"]

1. e4 c5 2. Nf3 d6 3. d4 cxd4 4.
Nxd4 Nf6 5. Nc3 a6 6. Be3 e6 7.
Be2 b5 8. a3 Bb7 9. O-O Nxe4 10. Nxe4 Bxe4 11. Bf3 Bxf3 12. Qxf3 d5 13. b3 Nd7 14. c4 bxc4 15. bxc4 Ne5 16. Qe2 Nxc4 17. Bf4 Bc5 18. Nb3 Be7 19. Kh1 O-O 20. h3 Bxa3 21. Nd4 Bc5 22. Nc6 Qd7 23. Na5 Rfc8 24. Nxc4 dxc4 25.
Rfd1 Qe8 26. Qxc4 Bxf2 27. Qe4 Bc5 28. Rd3 Qc6 29. Qe2 a5 30. Rc3 Qb7 31. Be5 Bf8 32.
Rg3 Rc5 33. Bd4 Rd5 34. Qe3 a4 35. Bc3 Qc7 36. Rc1 Rc8 37. Bb2 Qd7 38. Rf1 Rc2 39. Ba1 Rd1 40. Qf4 Rxf1+ 41. Qxf1 Qc7 0-1

[Event "*** MasterClass Titled Tuesday Blitz"]
[Site "Chess.com"]
[Date "2017.12.05"]
[Round "1"]
[White "Vamostodorecto"]
[Black "Raiiiiiii"]
[Result "1-0"]
[WhiteElo "2340"]
[BlackElo "861"]
[TimeControl "180+2"]
[EndTime "14:21:17 PST"]
[Termination "Vamostodorecto won by checkmate"]

1. d4 b6 2. c4 Bb7 3. Nc3 c6 4. e4 c5 5. d5 d6 6. f4 g6 7. Nf3 f6 8. h4 e5 9. h5 Bg7 10. fxe5 dxe5 11. hxg6 hxg6 12. Rxh8 Bxh8 13. Nh4 Ne7 14. d6 Nec6 15. Nxg6 Bg7 16. Nb5 Na6 17. Qh5 Kf7 18. Nxe5+ Kg8 19. Qf7+ Kh7 20. Nxc6 Bxc6 21.
Bd3 Qe8 22. e5+ Kh8 23. e6 Qxf7 24. exf7 Rf8 25. Bg6 f5 26. Bg5 Nc7 27. Nxc7 Rxf7 28. Bxf7 Bf6 29. Bxf6+ Kh7 30. Ne6 Bd5 31. cxd5 Kh6 32.
Kf2 Kh7 33. Kg3 Kh6 34. Kh4 Kh7 35. Kh5 f4 36. Nf8# 1-0

[Event "*** MasterClass Titled Tuesday Blitz"]
[Site "Chess.com"]
[Date "2017.12.05"]
[Round "1"]
[White "GeorgMeier"]
[Black "luisgui16"]
[Result "1-0"]
[WhiteElo "2803"]
[BlackElo "2301"]
[TimeControl "180+2"]
[EndTime "14:21:22 PST"]
[Termination "GeorgMeier won by resignation"]

1. Nf3 Nf6 2. g3 g6 3. Bg2 Bg7 4. O-O O-O 5. d4 d6 6. b3 Nbd7 7. Bb2 c6 8. Nbd2 Re8 9. e4 e5 10. dxe5 dxe5 11. Re1 Qc7 12. Nc4 Nh5 13. Qd6 Qxd6 14.
Nxd6 Re7 15. Bh3 Nb6 16. Nxc8 Nxc8 17. Rad1 Nb6 18. a4 a5 19. Ba3 Ree8 20. Bc5 Nc8 21. Bd7 Rd8 22. Bg4 Re8 23. Bd7 Rd8 24. Bxc6 Rxd1 25.
Rxd1 bxc6 26. Rd8+ Bf8 27. Rxf8+ Kg7 28. Nxe5 f6 29.
Rf7+ Kg8 30. Rf8+ Kg7 31. Nxc6 f5 32. e5 f4 33. g4 1-0

[Event "*** MasterClass Titled Tuesday Blitz"]
[Site "Chess.com"]
[Date "2017.12.05"]
[Round "1"]
[White "ENEASZ"]
[Black "DanielJuanGarcia"]
[Result "1-0"]
[WhiteElo "2403"]
[BlackElo "1302"]
[TimeControl "180+2"]
[EndTime "14:21:25 PST"]
[Termination "ENEASZ won by resignation"]

1. Nf3 d5 2. d4 Nf6 3. c4 c6 4. Nbd2 dxc4 5. Nxc4 Bg4 6. Nce5 Bxf3 7. Nxf3 c5 8. e3 cxd4 9. exd4 e6 10. Bb5+ Nc6 11. O-O a6 12. Bxc6+ bxc6 13. Bg5 Be7 14. Rc1 Qd7 15. Ne5 Qd5 16. Qa4 O-O 17. Be3 Bd6 18.
Qxc6 Bxe5 19. Qxd5 Bxh2+ 20. Kxh2 Nxd5 21. Rc4 Rac8 22. Rfc1 Rxc4 23. Rxc4 Nb6 24. Rc6 Rb8 25. Bf4 Rb7 26. Bc7 Nd5 27. Ba5 Ne7 28. Rxa6 h6 29. b4 Nd5 30. a3 Nc7 31. Bxc7 Rxc7 32. b5 1-0

[Event "*** MasterClass Titled Tuesday Blitz"]
[Site "Chess.com"]
[Date "2017.12.05"]
[Round "1"]
[White "Blitz-rider"]
[Black "Rodalquilar"]
[Result "0-1"]
[WhiteElo "1988"]
[BlackElo "2511"]
[TimeControl "180+2"]
[EndTime "14:21:42 PST"]
[Termination "Rodalquilar won by checkmate"]

1. e4 Nf6 2. e5 Nd5 3. d4 d6 4.
exd6 exd6 5. c4 Nb6 6. Nc3 Be7 7. Be3 O-O 8. Bd3 Nc6 9. Nge2 Bf6 10. Rc1 Nb4 11.
b3 Nxd3+ 12. Qxd3 c6 13. O-O Re8 14. Nf4 g6 15. d5 c5 16. Ne4 Bg7 17. Ng3 Nd7 18.
Qd2 Ne5 19. Nd3 Ng4 20. Bg5 f6 21. Bf4 f5 22. f3 Bd4+ 23. Kh1 Nxh2 24. Kxh2 Qh4# 0-1

[Event "*** MasterClass Titled Tuesday Blitz"]
[Site "Chess.com"]
[Date "2017.12.05"]
[Round "1"]
[White "abubakrtagelsir"]
[Black "cookie62008"]
[Result "1-0"]
[WhiteElo "2317"]
[BlackElo "786"]
[TimeControl "180+2"]
[EndTime "14:21:42 PST"]
[Termination "abubakrtagelsir won by checkmate"]

1. e4 e6 2. d4 a6 3. Nc3 Nf6 4. Nf3 Nc6 5. d5 exd5 6. exd5 Ne7 7. Bg5 Nexd5 8. Nxd5 Be7 9. Nxe7 Qxe7+ 10. Qe2 Qxe2+ 11. Bxe2 Ne4 12. Be3 h6 13. O-O-O d6 14. Rhe1 Be6 15. Nd4 Bxa2 16. Bf3 Nf6 17. Bg5+ Be6 18.
Bxf6 gxf6 19. Nxe6 fxe6 20. Rxe6+ Kd7 21. Rde1 Rae8 22. Rxe8 Rxe8 23. Rxe8 Kxe8 24. Bxb7 a5 25. b3 Kd7 26. Be4 c5 27. Kb2 Ke6 28. c4 Ke5 29.
Bd5 f5 30. Ka3 Kd4 31. Ka4 Kc3 32. Kxa5 Kxb3 33. Kb6 Kc3 34. Kc6 Kd3 35. Kxd6 Ke2 36. Kxc5 Kxf2 37. Kd6 f4 38. c5 h5 39. h3 h4 40. c6 Kg3 41. c7 f3 42. Bxf3 Kf4 43.
c8=Q Kg3 44. Ke5 Kh2 45. Kf4 Kg1 46. Ke3 Kf1 47. Qc1# 1-0